AoeStats
← feely

Arena

508813793Analyzed
4v4 RM · 8d ago on Sep 24, 2026· 56m 16s· 8 players
Game mode
Random Map
Map size
Large (8 player)
Population
200
Speed
Normal
Resources
Standard
Victory
Conquest
Starting age
Dark Age
Ending age
Imperial Age
RankedLock teamsTeams togetherTeam positionsShared explorationLock speedFull tech treeHidden civsTurbo modeCheats
Victory
Defeat
🇹🇼 Danes · Taiwan
1409
+13
🇮🇳 Varangians · India
1381
+14
🇨🇦 Danes · Canada
1299
+17
🇵🇪 Portuguese · Peru
1286
+19
1362
-17
🇻🇳 Hindustanis · Vietnam
1357
-17
🇻🇳 Saxons · Vietnam
1347
-16
🇨🇳 Saracens · China
1272
-13
我大E了,没有闪
12:13 Feudal Age
16:07 Castle Age
14:05 Double-Bit Axe
18:35 Bow Saw
20:06 Gold Mining
21:34 Horse Collar
24:36 Crossbowman
27:31 Ballistics
27:21 Town Watch
28:12 Wheelbarrow
27:24 Loom
31:51 Imperial Age
29:46 Thumb Ring
29:36 Fletching
29:46 Padded Archer Armor
29:55 Padded Archer Armor
32:59 Conscription
32:02 Arbalester
33:46 Chemistry
35:05 Chemistry
34:00 Bodkin Arrow
34:20 Leather Archer Armor
34:47 Bodkin Arrow
35:08 Leather Archer Armor
35:20 Siege Engineers
35:17 Bracer
35:52 Ring Archer Armor
36:17 Gold Shaft Mining
36:48 Two-Man Saw
35:52 Heavy Plow
42:10 Squires
44:57 Ring Archer Armor
44:28 Scale Mail Armor
44:02 Onager
46:57 Masonry
47:14 Bimaristan
49:30 Redemption
49:37 Block Printing
Valodimer
10:12 Feudal Age
10:42 Double-Bit Axe
13:52 Loom
16:49 Castle Age
15:15 Horse Collar
18:35 Bow Saw
22:09 Heavy Plow
30:46 Imperial Age
28:09 Fletching
28:11 Gold Mining
29:11 Bodkin Arrow
30:00 Wheelbarrow
30:32 Padded Archer Armor
30:27 Crossbowman
31:12 Arbalester
31:59 Bracer
33:18 Chemistry
33:32 Ballistics
33:28 Leather Archer Armor
33:39 Guard Tower
33:35 Arrowslits
34:18 Hand Cart
36:53 Keep
36:29 Masonry
37:09 Ring Archer Armor
37:41 Thumb Ring
39:49 Architecture
39:00 Treadmill Crane
40:41 Gold Shaft Mining
39:58 Stone Mining
42:13 Siege Engineers
41:59 Man-at-Arms
42:40 Squires
42:27 Arson
42:27 Gambesons
43:14 Long Swordsman
43:56 Scale Mail Armor
44:06 Forging
44:21 Conscription
43:22 Shield Wall
44:48 Two-Handed Swordsman
45:57 Chain Mail Armor
46:18 Iron Casting
45:33 Champion
48:35 Plate Mail Armor
51:04 Murder Holes
55:42 Guilds
我伴糖有1300你不服气吗
11:46 Feudal Age
15:45 Castle Age
13:51 Double-Bit Axe
13:49 Horse Collar
14:32 Stone Mining
14:59 Gold Mining
18:28 Bow Saw
23:08 Wheelbarrow
23:22 Redemption
23:08 Loom
25:11 Hand Cart
26:32 Sanctity
27:06 Fervor
32:02 Imperial Age
31:18 Forging
31:56 Fortified Wall
31:27 Treadmill Crane
32:27 Scale Mail Armor
33:25 Theocracy
33:08 Block Printing
33:19 Illumination
34:42 Chemistry
33:32 Elite Varangian Guard
34:44 Onager
36:15 Conscription
36:43 Squires
36:52 Atonement
37:16 Arson
38:21 Gold Shaft Mining
38:22 Stone Shaft Mining
38:08 Pikeman
39:09 Chain Mail Armor
39:13 Capped Ram
40:50 Plate Mail Armor
40:56 Iron Casting
42:03 Logistica
42:54 Siege Ram
44:39 Halberdier
46:11 Fletching
46:25 Padded Archer Armor
46:59 Ballistics
47:09 Thumb Ring
46:29 Elite Skirmisher
48:09 Bodkin Arrow
48:29 Leather Archer Armor
49:12 Murder Holes
49:18 Bracer
50:41 Leather Archer Armor
52:02 Ring Archer Armor
54:52 Scale Barding Armor
55:34 Light Cavalry
56:14 Husbandry
VN_BILL
11:31 Feudal Age
13:10 Double-Bit Axe
15:27 Castle Age
14:00 Horse Collar
17:25 Bow Saw
18:10 Wheelbarrow
22:43 Hand Cart
27:56 Imperial Age
25:12 Loom
25:51 Forging
25:47 Scale Barding Armor
25:40 Gold Mining
27:40 Iron Casting
27:52 Gold Shaft Mining
27:57 Chain Barding Armor
28:13 Bloodlines
28:03 Husbandry
27:58 Heavy Camel Rider
29:40 Blast Furnace
30:15 Chemistry
29:38 Heavy Plow
30:47 Fortified Wall
30:54 Imperial Camel Rider
32:36 Plate Barding Armor
35:29 Coinage
35:56 Ballistics
36:55 Conscription
36:05 Light Cavalry
37:22 Town Watch
38:37 Shatagni
40:23 Hussar
43:02 Fletching
43:13 Padded Archer Armor
43:05 Guard Tower
43:26 Masonry
44:11 Bodkin Arrow
44:13 Murder Holes
46:59 Banking
46:32 Elite Skirmisher
47:18 Thumb Ring
49:09 Bracer
49:24 Leather Archer Armor
49:14 Grand Trunk Road
51:29 Two-Man Saw
51:49 Ring Archer Armor
Manan369
10:08 Feudal Age
14:21 Castle Age
12:24 Double-Bit Axe
13:34 Horse Collar
15:29 Bow Saw
18:47 Stone Mining
20:26 Heavy Plow
23:26 Wheelbarrow
25:06 Loom
28:02 Imperial Age
25:47 Scale Mail Armor
25:57 Forging
26:13 Loom
27:11 Gold Mining
27:44 Chain Mail Armor
27:39 Forging
27:21 Fletching
28:48 Ballistics
28:15 Town Watch
29:22 Plate Mail Armor
29:14 Conscription
29:38 Hand Cart
29:01 Hamask
31:08 Iron Casting
31:33 Squires
32:55 Blast Furnace
32:24 Bodkin Arrow
32:09 Elite Jomsviking
34:09 Bracer
34:19 Onager
36:25 Siege Onager
37:57 Murder Holes
39:45 Bracer
39:37 Northmen's Fury
42:20 Scale Barding Armor
42:16 Padded Archer Armor
42:21 Elite Varangian Guard
42:49 Gambesons
44:24 Leather Archer Armor
45:45 Siege Engineers
46:40 Chemistry
45:53 Masonry
45:44 Caravan
46:17 Coinage
51:22 Banking
55:48 Thumb Ring
M@nquito 2.0
10:58 Feudal Age
15:33 Castle Age
14:50 Double-Bit Axe
17:10 Bow Saw
23:29 Fletching
27:26 Imperial Age
25:21 Gold Mining
26:28 Bodkin Arrow
28:05 Ballistics
28:24 Loom
29:24 Stone Mining
32:13 Conscription
32:21 Bracer
33:55 Padded Archer Armor
35:18 Chemistry
37:58 Leather Archer Armor
37:35 Treadmill Crane
38:00 Elite Skirmisher
40:56 Ring Archer Armor
41:35 Two-Man Saw
42:40 Wheelbarrow
48:19 Crossbowman
51:55 Town Watch
55:04 Hand Cart
56:43 Fortified Wall
feely
10:45 Feudal Age
10:49 Loom
11:33 Double-Bit Axe
14:54 Castle Age
12:39 Horse Collar
14:14 Gold Mining
16:07 Bow Saw
19:33 Town Watch
21:47 Wheelbarrow
22:51 Heavy Plow
23:41 Hand Cart
29:53 Imperial Age
28:30 Devotion
29:06 Scale Mail Armor
29:40 Forging
30:49 Gold Shaft Mining
30:48 Chain Mail Armor
30:42 Elite Varangian Guard
32:22 Conscription
32:46 Plate Mail Armor
31:50 Onager
32:38 Stone Mining
32:46 Arson
32:58 Siege Onager
36:50 Capped Ram
38:00 Siege Ram
39:23 Iron Casting
38:11 Pikeman
38:57 Squires
41:23 Northmen's Fury
42:10 Fletching
43:49 Halberdier
47:53 Hamask
50:39 Siege Engineers
51:36 Caravan
51:50 Murder Holes
54:38 Hoardings
54:28 Heavy Scorpion
Justin Credible
9:46 Feudal Age
13:41 Castle Age
12:17 Horse Collar
13:13 Double-Bit Axe
18:59 Loom
23:06 Wheelbarrow
24:24 Hand Cart
24:06 Stone Mining
24:30 Bow Saw
26:15 Gold Mining
27:24 Stone Shaft Mining
29:42 Imperial Age
27:39 Scale Barding Armor
27:46 Forging
27:36 Town Watch
29:17 Chain Barding Armor
29:33 Iron Casting
30:19 Bloodlines
30:10 Husbandry
29:43 Elite Jarl
30:46 Conscription
31:04 Plate Barding Armor
32:35 Blast Furnace
32:02 Heavy Plow
33:06 Two-Man Saw
32:05 Treadmill Crane
35:42 Ballistics
36:23 Chemistry
35:35 Masonry
35:18 Fletching
36:57 Bodkin Arrow
38:05 Bracer
39:07 Architecture
52:53 Caravan
Connection lost

Rejoining the realm…

Still unreachable

The connection could not be restored.

Session expired

The server has moved on; the page needs a fresh start.